 Dungeon Crawl Stone Soup version 0.19.1-1-g22dce08 (webtiles) character file.

48 ponk the Sneak (level 3, -1/24 HPs)
             Began as an Octopode Assassin on Jan 9, 2017.
             Slain by a goblin
             ... wielding a +0 club
             ... led by Robin
              (7 damage)
             ... on level 2 of the Dungeon.
             The game lasted 00:03:20 (1264 turns).

ponk the Sneak (Octopode Assassin)                  Turns: 1264, Time: 00:03:22

Health: -1/24      AC:  1    Str:  9 (11) XL:     3   Next: 72%
Magic:  3/3        EV: 13    Int: 12 (13) God:
Gold:   135        SH:  0    Dex: 11 (13) Spells: 0 memorised, 2 levels left

rFire  . . .     SeeInvis .     a - +2 dagger
rCold  . . .     Gourm    .     (no shield)
rNeg   . . .     Faith    .     (helmet restricted)
rPois  .         Spirit   .     (no amulet)
rElec  .         Reflect  .     i - ring of teleportation (curse)
rCorr  .         Harm     .     (no ring)
MR     .....     Rnd*Tele +     (no ring)
Stlth  ++++......               (no ring)
                                (no ring)
                                (no ring)
                                (no ring)
                                (no ring)

@: no status effects
A: almost no armour, stealthy swim, amphibious, 8 rings, constrict 8, camouflage
1, gelatinous body 1
a: no special abilities


You were on level 2 of the Dungeon.
You were not hungry.

You visited 1 branch of the dungeon, and saw 2 of its levels.

You collected 135 gold pieces.

Inventory:

Hand Weapons
 a - a +2 dagger (weapon)
 b - a +0 blowgun
Missiles
 c - 19 poisoned needles
 d - 2 curare-tipped needles
Jewellery
 i - a cursed ring of teleportation (left tentacle)
Scrolls
 e - a scroll of identify
 g - 2 scrolls of amnesia {unknown}
 h - a scroll of teleportation
 j - a scroll of fear {unknown}
 k - a scroll of random uselessness {unknown}
Potions
 m - a potion of curing {unknown}
 n - a potion of ambrosia {unknown}
 o - a potion of agility {unknown}
Comestibles
 f - 4 bread rations
 l - 2 slices of pizza


   Skills:
 + Level 2.1 Fighting
 + Level 2.2 Short Blades
 + Level 2.0 Throwing
 + Level 1.2 Dodging
 * Level 6.8 Stealth


You had 2 spell levels left.
You didn't know any spells.

Dungeon Overview and Level Annotations

Branches:
Dungeon (2/15)

Altars:

Annotations:
D:2 Robin


Innate Abilities, Weirdness & Mutations

You cannot wear most types of armour.
You are very stealthy in the water. (Stealth+)
You are amphibious.
You can wear up to eight rings at the same time.
You can use your tentacles to constrict eight enemies at once.
Your skin changes colour to match your surroundings (Stealth+).
Your rubbery body absorbs attacks. (AC +1, EV +1)


Message History

The hobgoblin hits you with a club.
You barely miss the hobgoblin. Your grab misses the hobgoblin.
The hobgoblin is heavily wounded.
Robin throws the goblin at you! The hobgoblin misses you.
The goblin misses you.
You hit the hobgoblin.
You kill the hobgoblin!
The goblin hits you.
The goblin shoots a sling bullet.
The sling bullet hits you.
You hit the goblin. Your grab misses the goblin.
The goblin is severely wounded.
The goblin closely misses you. The goblin hits you but does no damage.
You barely miss the goblin. You grab the goblin.
The goblin is severely wounded.
You constrict the goblin.
You kill the goblin!
Robin throws the goblin at you!
* * * LOW HITPOINT WARNING * * *
The goblin hits you with a club!
You die...

###.#####.########
................#
##.#####.######.#
##........# #.#
#.....##### #.#
##...## ####.###
##.## #....... #g#
####.##.### #@#
#.....#.# #g#
#.###.#.#


#ggg# #. #...### #.ggbg# #.###...... #.......# #.....#####
#.........##......#### .'.........+........... ###...).....##.#....####
##.......###.#..#.# You could see Robin, a hobgoblin, 6 goblins and a bat.

Vanquished Creatures
  An adder (D:2)
  A worm (D:2)
  A dart slug (D:1)
  A leopard gecko (D:2)
  4 giant cockroaches (D:1)
  2 hobgoblins
  2 jackals (D:1)
  8 bats
  A frilled lizard (D:2)
  5 goblins (D:2)
  3 kobolds (D:1)
  3 rats
32 creatures vanquished.

Notes
Turn   | Place    | Note
-------+----------+-------------------------------------------
     0 | D:1      | ponk the Octopode Assassin began the quest for the Orb.
     0 | D:1      | Reached XP level 1. HP: 14/14 MP: 1/1
   189 | D:1      | Reached XP level 2. HP: 11/19 MP: 2/2
   384 | D:1      | Reached skill level 6 in Stealth
   840 | D:2      | Reached XP level 3. HP: 24/24 MP: 3/3
  1254 | D:2      | Noticed Robin
  1264 | D:2      | Slain by a goblin

Skill      XL: |  1  2 |
---------------+-------+-----
Stealth        | 6 |  6.8
Fighting       | |  2.1
Short Blades   | |  2.2
Throwing       | |  2.0
Dodging        | |  1.2

Action                   || total
-------------------------++-------
Melee: Dagger            ||    61
       Constrict         ||    12
       Tentacles         ||     5
  Use: Potion            ||     3
       Scroll            ||     1
 Stab: Sleeping          ||     9
  Eat: Chunk             ||     1
Armor: Skin              ||     8
Dodge: Dodged            ||    40
